 Dungeon Crawl Stone Soup version 0.18.1-8-gdd0e5ea (webtiles) character file.

251264 Medar the Bewitcher (level 18, -3/84 HPs)
             Began as a Felid Enchanter on May 22, 2016.
             Was the Champion of Kikubaaqudgha.
             Slain by a halberd of venom (25 damage)
             ... on level 4 of the Vaults.
             The game lasted 04:54:46 (79352 turns).

Medar the Bewitcher (Felid Enchanter)              Turns: 79352, Time: 04:54:47

Health: -3/84      AC:  4    Str:  8    XL:     18   Next: 93%
Magic:  18/29      EV: 35    Int: 24    God:    Kikubaaqudgha [******]
Gold:   2750       SH:  0    Dex: 20    Spells: 14 memorised, 0 levels left
                                        Lives:  0   Deaths: 6

rFire  . . .     SeeInvis +       - Unarmed
rCold  + . .     Gourm    .     (armour unavailable)
rNeg   . . .     Faith    .     (shield unavailable)
rPois  .         Spirit   .     (helmet unavailable)
rElec  .         Dismiss  .     (cloak unavailable)
rCorr  .         Reflect  .     (gloves unavailable)
SustAt .         Harm     .     (boots unavailable)
MR     +++..                    j - amulet of regeneration
Stlth  +++++++++.               v - ring of protection from magic
                                M - +4 ring of strength

@: lethally poisoned (-3 -> -7), repel missiles, quick, extremely resistant to
hostile enchantments, incredibly stealthy
A: no armour, no weapons or thrown items, claws 1, fangs 3, icy blue scales 1,
see invisible, agile 1, carnivore 3, speed 1, low mp 2, shaggy fur 3, slow
metabolism 1, evolution 1, subdued magic 1, sharp paws
a: Receive Corpses, Torment, Renounce Religion
}: 2/15 runes: decaying, serpentine


You were on level 4 of the Vaults.
You worshipped Kikubaaqudgha.
Kikubaaqudgha was exalted by your worship.
You were hungry.

You visited 8 branches of the dungeon, and saw 44 of its levels.
You also visited: Ice Cave.

You collected 3816 gold pieces.
You spent 1066 gold pieces at shops.

Inventory:

Jewellery
 c - an uncursed ring of stealth
 j - an amulet of regeneration (around neck)
 p - an uncursed ring of poison resistance
 v - a ring of protection from magic (right paw)
 z - an uncursed ring of positive energy
 A - an uncursed ring of protection from cold
 J - an uncursed ring of fire
 M - a +4 ring of strength (left paw)
Wands
 a - a wand of teleportation (2/9)
 k - a wand of slowing (22/48)
 q - a wand of heal wounds (5/9)
 B - a wand of acid (10/15)
 G - a wand of digging (7/24)
 N - a wand of flame (30/48)
 R - a wand of lightning (6/15)
 U - a wand of disintegration (8/24)
 V - a wand of iceblast (3/15)
Scrolls
 e - 5 scrolls of vulnerability
 g - 3 scrolls of immolation
 h - 4 scrolls of amnesia
 i - 4 scrolls of blinking
 n - 3 scrolls of fear
 r - 19 scrolls of remove curse {@r1}
 y - 5 scrolls of recharging
 C - 2 scrolls of magic mapping {@r3}
 H - a scroll of summoning
 K - 9 scrolls of fog
 L - 2 scrolls of identify {@r2}
Potions
 f - 6 potions of cancellation
 l - a potion of agility
 o - a potion of brilliance
 s - 5 potions of flight
 t - a potion of resistance
 u - 3 potions of invisibility
 w - 9 potions of curing {@q1}
 x - 8 potions of haste
 F - 3 potions of magic
 I - 6 potions of berserk rage {!q}
 S - 8 potions of might
 T - 7 potions of lignification
 Y - 2 potions of ambrosia
Books
 E - a Necronomicon

   Spells                             Type                      Level
   a - Haunt                          Necromancy/Summoning         7
   b - Borgnjor's Revivification      Necromancy                   8
   c - Death's Door                   Charms/Necromancy            8
   d - Necromutation                  Transmutation/Necromancy     8
Miscellaneous
 d - a lamp of fire
 O - a phantom mirror
 P - a fan of gales
 Q - a stone of tremors
Comestibles
 b - 21 meat rations {@e2}
 m - 14 royal jellies


   Skills:
 - Level 12.3 Fighting
 - Level 18.1 Dodging
 - Level 19.4 Stealth
 - Level 18.0 Unarmed Combat
 - Level 13.0 Spellcasting
 - Level 5.4 Conjurations
 - Level 20.1 Hexes
 + Level 13.0 Charms
 + Level 16.2 Necromancy
 - Level 4.3 Translocations
 - Level 1.0 Ice Magic
 - Level 2.1 Air Magic


You couldn't memorise any spells.
You knew the following spells:

 Your Spells              Type           Power        Failure   Level  Hunger
b - Dispel Undead         Necr           ######..     1%          5    ###....
c - Dazzling Spray        Conj/Hex       ######..     1%          3    None
d - Ensorcelled Hibernat  Hex/Ice        ######       1%          2    None
e - Swiftness             Chrm/Air       #####...     1%          2    None
f - Confuse               Hex            ######..     0%          3    None
g - Tukima's Dance        Hex            ######..     0%          3    None
i - Invisibility          Hex            ######..     1%          6    #####..
n - Metabolic Englaciati  Hex/Ice        ######....   1%          5    ###....
r - Repel Missiles        Chrm/Air       #####.       1%          2    None
s - Confusing Touch       Hex            ######       0%          2    None
t - Cigotuvi's Embrace    Necr           ######....   1%          5    ###....
v - Animate Dead          Necr           N/A          1%          4    None
w - Blink                 Tloc           N/A          1%          2    None
x - Pain                  Necr           ####         0%          1    None


Dungeon Overview and Level Annotations

Branches:
Dungeon (15/15)            Temple (1/1) D:6            Lair (8/8) D:11
  Swamp (4/4) Lair:3        Snake (4/4) Lair:5        Slime (0/6) Lair:6
    Orc (2/2) D:10            Elf (0/3) Orc:2        Vaults (5/5) D:14
  Crypt (0/3) Vaults:2     Depths (5/5) D:15
    Zot: Depths:5

Altars:
Ashenzari
Cheibriados
Dithmenos
Elyvilon
Fedhas
Gozag
Kikubaaqudgha
Makhleb
Nemelex Xobeh
Okawaru
Pakellas
Qazlal
Ru
Sif Muna
Trog
Vehumet
Xom
Yredelemnul
Zin
The Shining One
Beogh
Jiyva
Lugonu

Shops:
D:4 (*}*   D:7 (   D:13 [   D:14 *   Orc:2 ?%[*   Depths:5 ?

Portals:
Hell: Depths:1 Depths:2 Depths:3 Depths:4
Abyss: Depths:1 Depths:4
Pandemonium: Depths:1 Depths:2 Depths:3
Ziggurat: Depths:2
Trove: Vaults:1 (give 6 scrolls of blinking)

Annotations:
Lair:2 water vault
Swamp:4 Nikola
Depths:2 2 runed doors
Depths:5 4 exclusions, Jory, Sojobo


Innate Abilities, Weirdness & Mutations

You cannot wear armour.
You are incapable of wielding weapons or throwing items.
You have sharp claws.
You have razor-sharp teeth.
You have supernaturally acute eyesight.
You are carnivorous and can eat meat at any time.
You cover ground quickly.
Your thick and shaggy fur keeps you warm (AC +3, rC+).
You have a slow metabolism.
Your sharp claws are effective at attacking unaware monsters.
You are partially covered in icy blue scales (AC +1).
You are agile. (Dex +2)
Your magical capacity is very low (-20% MP).
You evolve.
Your spells are a little easier to cast, but a little less powerful.


Message History

You feel sick.
You feel sick.
You feel sick.
You feel sick.
There is an open door here.
You feel sick.
You feel sick.
You see here a bolt.
You feel sick.
You feel sick.
There is a stone staircase leading up here.
You feel sick.
The halberd of venom completely misses you.
You climb upwards.
You feel very sick.
There is a stone staircase leading down here.
You feel sick.
You climb downwards.
You feel sick. The halberd of venom hits you!!
You die...
Kikubaaqudgha rasps: "You have failed me!
Welcome... death!"

.ppp.......# #...# #.#.......#.
#######....#####.######.#.....#.#
......#....#...#.#...'.#.#.#.#.#.
......'....##..#'#..###.#.#.#.#.#
......#....##.......##.#.#...#.#.
.p....#....###.....##############
......#.p..# #...(.# #.........ZZ
......#....# ##.@.## #...........
..>...#....# #...# #.......####
......#....#####(#####.......#...
......#....#...#.#...#.......#...
.p.p..#....##..#'#..##..(....#...
...p.p#.p..##..p....##.(.....#...
..pp..#....###.p.p.###.......#...
#####'#[...###.....###.......#...


You could see 3 vault guards and a halberd of venom.

Vanquished Creatures
  An ancient lich (Depths:3)
  Margery (Depths:4)
  Vashnia (Snake:4)
  Saint Roka (Orc:2)
  A lich (Depths:4)
  An Ice Fiend (IceCv)
  Rupert (Orc:2)
  Asterion (Snake:3)
  2 tengu reavers (Depths:4)
  A storm dragon (Vaults:4)
  Kirke (D:13)
  2 thorn hunters (Swamp:4)
  8 greater nagas (Snake:4)
  Maud (D:10)
  Donald (Swamp:4)
  7 frost giants
  A deep elf sorcerer (Vaults:2)
  6 fire giants
  8 vault wardens
  Aizul (Snake:3)
  2 orc warlords
  A ghoul (Vaults:3)
  A spriggan defender (Depths:3)
  27 very ugly things
  10 ironheart preservers
  A war gargoyle (Vaults:4)
  2 vampire knights
  11 stone giants
  Azrael (Orc:2)
  A deep elf demonologist (Vaults:2)
  A dire elephant (D:15)
  A salamander stormcaller (Vaults:3)
  A spark wasp (Depths:4)
  A deep elf annihilator (Vaults:2)
  The ghost of Wingboner the Cleaver, a journeyman MiFi (IceCv)
  3 deep elf death magi
  8 vault guards
  6 ettins
  7 ogre magi
  6 fire dragons
  11 yaktaur captains
  The ghost of George the Fencer, a journeyman MiFi of the Shining One (D:11)
  6 ice dragons
  6 great orbs of eyes
  Fannar (D:10)
  3 rakshasas
  13 naga warriors
  Harold (Lair:1)
  2 spriggan air magi
  2 entropy weavers
  An anaconda (shapeshifter) (Vaults:4)
  24 hydras
  27 anacondas
  7 centaur warriors
  3 death knights
  Erica (Orc:1)
  A catoblepas (Lair:8)
  3 deep troll earth magi (Vaults:2)
  7 death yaks (Lair:8)
  9 alligators
  5 deep troll shamans
  A spriggan berserker (Depths:5)
  19 naga sharpshooters
  5 orc high priests
  6 tengu warriors
  8 deep elf knights
  11 shock serpents
  3 iron trolls (Depths:3)
  3 salamander mystics
  A shadow wraith (Vaults:4)
  4 hell knights (Depths:4)
  A fire crab (Vaults:2)
  An unseen horror (shapeshifter) (Vaults:1)
  7 deep trolls
  A spriggan druid (Swamp:4)
  4 giant orange brains
  11 skeletal warriors
  4 unseen horrors
  2 flayed ghosts
  9 swamp dragons
  8 hill giants
  6 naga ritualists
  5 deep elf archers
  A lindwurm (Lair:7)
  2 shambling mangroves
  21 ironbrand convokers
  7 orc knights
  A phantasmal warrior (Vaults:4)
  4 orc sorcerers
  8 deep elf magi
  3 necromancers
  9 mana vipers
  3 wolf spiders
  7 cyclopes
  67 ugly things
  4 hornets
  3 wizards
  4 manticores
  15 salamanders
  5 centaur zombies
  7 griffons
  11 elephants
  11 guardian serpents
  14 naga magi
  55 black mambas
  12 vault sentinels
  2 torpor snails
  The ghost of deorigin the Cleaver, a novice HOFi (D:5)
  Maurice (Orc:2)
  2 gargoyles
  5 ice statues (IceCv)
  3 centaur skeletons
  26 spiny frogs
  14 komodo dragons
  6 kobold demonologists
  3 anaconda simulacra (IceCv)
  5 freezing wraiths
  28 yaktaurs
  13 ice devils
  4 rime drakes
  A tormentor (Depths:1)
  A tengu conjurer (Depths:4)
  2 jumping spiders (Depths:2)
  12 trolls
  A polar bear (Lair:8)
  8 bog bodies
  A merfolk (D:15)
  5 giant leeches
  16 two-headed ogres
  7 blink frogs
  Grinder (D:5)
  6 boulder beetles
  43 slime creatures
  A sphinx simulacrum (Vaults:2)
  5 air elementals
  A frost giant simulacrum (Vaults:3)
  3 spriggans
  A vampire (D:14)
  4 shadows
  7 wyverns
  A wraith (Vaults:2)
  A yak (shapeshifter) (Depths:3)
  10 redbacks
  45 yaks
  4 hogs (D:13)
  3 fire elementals (Orc:2)
  15 humans (D:14)
  5 basilisks
  2 steam dragons (Lair:8)
  11 hippogriffs
  A neqoxec (Depths:1)
  11 vampire mosquitoes
  3 hungry ghosts
  2 iron troll simulacra (IceCv)
  3 mottled dragons
  38 nagas
  6 insubstantial wisps (Swamp:2)
  8 swamp worms
  A harpy simulacrum (IceCv)
  11 wargs
  21 water moccasins
  2 hydra simulacra (IceCv)
  4 sky beasts
  3 hell hounds (Orc:2)
  A giant eyeball (Depths:3)
  13 porcupines
  9 swamp drakes
  2 phantoms
  45 orc warriors
  An ettin simulacrum (IceCv)
  A necrophage (D:10)
  A black bear (D:10)
  An eye of draining (shapeshifter) (Vaults:1)
  5 ice beasts
  10 wasps
  11 boggarts
  51 ogres
  10 crocodiles
  7 wolves
  20 centaurs
  A crocodile (shapeshifter) (Depths:4)
  9 big kobolds
  14 giant frogs
  4 scorpions
  3 wights (D:9)
  4 howler monkeys
  5 electric eels
  5 crimson imps
  6 hounds
  A giant frog zombie (D:5)
  7 jellies
  40 orc priests
  5 iguanas
  Jessica (D:2)
  4 giant frog skeletons
  39 orc wizards
  13 worker ants
  16 sheep
  A worker ant zombie (D:5)
  Robin (D:7)
  7 gnolls
  24 river rats
  23 adders
  3 shadow imps
  12 white imps
  An ufetubus (Depths:3)
  5 oozes (D:12)
  An adder zombie (D:9)
  An adder skeleton (D:4)
  2 worms
  3 dart slugs
  5 giant geckos
  102 orcs
  3 ball pythons
  3 bats
  6 giant cockroaches
  10 goblins
  14 hobgoblins
  21 jackals
  14 kobolds
  8 quokkas
  5 giant newts
  5 rats
  2 briar patches (Swamp:4)
  A butterfly (Lair:2)
  A plant (Lair:5)
1766 creatures vanquished.

Vanquished Creatures (collateral kills)
  A thorn hunter (Swamp:3)
  A greater naga (Snake:4)
  A deep elf sorcerer (Vaults:4)
  An ironheart preserver (Vaults:4)
  2 stone giants
  A deep elf annihilator (Vaults:1)
  2 spark wasps (Depths:4)
  A vault guard (Vaults:4)
  9 naga warriors
  An entropy weaver (Depths:1)
  4 hydras
  A spriggan air mage (Depths:3)
  An ogre mage (Depths:1)
  A death knight (Vaults:4)
  An alligator (Swamp:4)
  2 spriggan berserkers
  3 naga sharpshooters
  A shock serpent (Snake:4)
  A hell knight (Depths:4)
  A deep troll (Vaults:1)
  A deep elf knight (Vaults:4)
  2 swamp dragons (Swamp:4)
  A skeletal warrior (D:14)
  4 naga ritualists
  A flayed ghost (Vaults:4)
  An orc knight (Orc:2)
  8 salamanders
  A mana viper (Snake:3)
  4 ugly things
  An orc sorcerer (Orc:2)
  A guardian serpent (Snake:4)
  3 elephants (Lair:7)
  7 black mambas
  11 naga magi
  A smoke demon (Depths:1)
  5 spiny frogs
  2 rime drakes
  2 komodo dragons
  A yaktaur (Vaults:2)
  2 tengu conjurers
  A golden dragon simulacrum (IceCv)
  A hellwing (Depths:1)
  A jumping spider (Depths:1)
  3 slime creatures
  3 blink frogs
  3 bog bodies
  2 redbacks
  A spriggan (Depths:3)
  3 yaks
  2 basilisks (Lair:8)
  A wyvern (Lair:4)
  A fire elemental (Orc:2)
  A human (D:14)
  2 mottled dragons (Lair:8)
  4 swamp worms
  2 vampire mosquitoes (Swamp:4)
  45 nagas
  A porcupine (Lair:7)
  3 water moccasins
  3 swamp drakes
  2 wasps
  3 orc warriors
  A boggart (Depths:3)
  A centaur (D:14)
  An elf simulacrum (Vaults:1)
  6 crocodiles
  A giant frog (D:14)
  A scorpion (Lair:5)
  A howler monkey (D:11)
  2 orc priests (Orc:2)
  3 orc wizards
  An iguana (Lair:8)
  3 river rats (Lair:8)
  7 orcs
  A butterfly (Lair:2)
  3 fungi
  3 plants
218 creatures vanquished.

Vanquished Creatures (others)
  23 dancing weapons
  A deep troll (Depths:3)
  3 yaktaurs
  2 humans
  A naga (Snake:2)
  An orc warrior (D:14)
  A boggart (Depths:1)
  A centaur (D:14)
  An orc (Orc:1)
  3 briar patches (Swamp:4)
  A bush (D:11)
  7 fungi
  8 plants
53 creatures vanquished.

Grand Total: 2037 creatures vanquished

Notes
Turn   | Place    | Note
--------------------------------------------------------------
     0 | D:1      | Medar the Felid Enchanter began the quest for the Orb.
     0 | D:1      | Reached XP level 1. HP: 7/7 MP: 4/4
   283 | D:1      | Reached XP level 2. HP: 5/11 MP: 3/6
   309 | D:1      | Learned a level 2 spell: Ensorcelled Hibernation
  1373 | D:1      | Reached XP level 3. HP: 14/14 MP: 7/7
  1459 | D:2      | Found a shattered altar of Ashenzari.
  1590 | D:2      | Noticed Jessica
  1609 | D:2      | Killed Jessica
  1609 | D:2      | Reached skill level 5 in Hexes
  1609 | D:2      | Reached skill level 1 in Ice Magic
  1609 | D:2      | Reached XP level 4. HP: 18/18 MP: 5/8
  1614 | D:2      | Learned a level 3 spell: Confuse
  2720 | D:3      | Reached XP level 5. HP: 21/21 MP: 9/9
  3058 | D:3      | Noticed Robin
  4334 | D:4      | Found Yczeomno's Gadget Boutique.
  4375 | D:4      | Reached skill level 5 in Stealth
  4550 | D:4      | Learned a level 3 spell: Tukima's Dance
  4661 | D:4      | Found Emesopp's Assorted Antiques.
  4689 | D:4      | Gained mutation: You are covered in thick fur (AC +2). [Felid growth]
  4689 | D:4      | Reached XP level 6. HP: 5/24 MP: 5/11
  4698 | D:4      | HP: 1/24 [poisoned by a scorpion]
  4702 | D:4      | Succumbed to a scorpion's poison
  4703 | D:4      | Reached XP level 5. HP: 0/21 MP: 6/10
  4766 | D:4      | Reached skill level 6 in Hexes
  5013 | D:4      | Noticed a phantom
  5117 | D:4      | Found Gopsis's Assorted Antiques.
  5144 | D:4      | Reached skill level 5 in Dodging
  5440 | D:5      | Entered Level 5 of the Dungeon
  5440 | D:5      | Noticed deorigin's ghost (novice HOFi)
  5494 | D:5      | Reached XP level 6. HP: 24/24 MP: 6/11
  5988 | D:5      | Noticed Grinder
  5993 | D:5      | Killed Grinder
  5993 | D:5      | Reached XP level 7. HP: 27/27 MP: 8/12
  6011 | D:5      | Reached skill level 7 in Hexes
  6087 | D:5      | Learned a level 3 spell: Dazzling Spray
  6203 | D:5      | Reached skill level 1 in Conjurations
  6927 | D:5      | Reached skill level 1 in Fighting
  7031 | D:5      | Reached XP level 8. HP: 32/32 MP: 9/13
  7301 | D:6      | Reached skill level 8 in Hexes
  7630 | D:6      | Found a staircase to the Ecumenical Temple.
  7673 | Temple   | Entered the Ecumenical Temple
  7852 | D:6      | Reached skill level 5 in Unarmed Combat
  8515 | D:7      | Found a bloodstained altar of Trog.
  8563 | D:7      | Reached skill level 9 in Hexes
  8847 | D:7      | Killed Robin
  9059 | D:7      | Reached XP level 9. HP: 35/35 MP: 11/14
  9108 | D:7      | Found Tefomotz's Weapon Shop.
  9646 | D:8      | Found a deep blue altar of Sif Muna.
 10323 | D:8      | Reached skill level 10 in Hexes
 10336 | D:8      | Found a glowing golden altar of the Shining One.
 10338 | D:8      | Found a shimmering altar of Xom.
 10461 | D:8      | Reached skill level 10 in Stealth
 10534 | D:8      | Gained mutation: You are partially covered in icy blue scales (AC +1). [mutagenic meat]
 10535 | D:8      | Gained mutation: You are frail (-10% HP). [mutagenic meat]
 10536 | D:8      | Lost mutation: You are frail (-10% HP). [mutagenic meat]
 10537 | D:8      | Gained mutation: You are agile. (Dex +2) [mutagenic meat]
 10670 | D:8      | Found an ancient bone altar of Kikubaaqudgha.
 10672 | D:8      | Found a blossoming altar of Fedhas.
 10953 | D:9      | Noticed a troll
 10960 | D:9      | Killed a troll
 10960 | D:9      | Reached skill level 11 in Hexes
 10960 | D:9      | Reached XP level 10. HP: 33/39 MP: 12/15
 11045 | D:8      | Became a worshipper of Kikubaaqudgha
 11094 | D:9      | Found a burning altar of Makhleb.
 11095 | D:9      | Found a radiant altar of Vehumet.
 11129 | D:9      | Reached skill level 10 in Dodging
 11734 | D:10     | Entered Level 10 of the Dungeon
 11894 | D:10     | Noticed Fannar
 12250 | D:10     | Found a staircase to the Orcish Mines.
 12451 | D:10     | Killed Fannar
 12573 | D:11     | Noticed a purple ugly thing
 12574 | D:11     | Reached * piety under Kikubaaqudgha
 12574 | D:11     | Received a gift from Kikubaaqudgha
 12575 | D:11     | Identified Kikubaaqudgha's Almanac of Stolen Souls (Kikubaaqudgha gifted it to you on level 11 of the Dungeon)
 12579 | D:11     | Killed a purple ugly thing
 12579 | D:11     | Reached skill level 12 in Hexes
 12585 | D:11     | Learned a level 1 spell: Pain
 12596 | D:11     | Reached skill level 1 in Necromancy
 12676 | D:11     | Learned a level 2 spell: Corpse Rot
 12770 | D:11     | Noticed a cyclops
 12937 | D:11     | Reached XP level 11. HP: 42/42 MP: 4/16
 13211 | D:11     | Noticed George's ghost (journeyman MiFi)
 13438 | D:4      | Found Ughij's Antique Weapon Shop.
 13586 | D:5      | Killed deorigin's ghost
 13924 | D:11     | Noticed a cyan ugly thing
 14055 | D:11     | Noticed a seven-headed hydra
 14099 | D:11     | Killed a seven-headed hydra
 14114 | D:11     | Killed George's ghost
 14114 | D:11     | Reached skill level 5 in Necromancy
 14335 | D:11     | Reached ** piety under Kikubaaqudgha
 14335 | D:11     | Reached skill level 5 in Spellcasting
 14397 | D:11     | HP: 1/42 [cyclops/large rock (36)]
 14667 | D:10     | Learned a level 4 spell: Animate Dead
 14721 | D:11     | Found a staircase to the Lair.
 14806 | D:11     | Killed a cyan ugly thing
 15102 | D:4      | Bought a wand of teleportation (4/9) for 264 gold pieces
 15155 | D:4      | Bought a marble ring for 170 gold pieces
 15155 | D:4      | Bought a scroll labeled TADUAT XACH for 34 gold pieces
 15220 | D:4      | Bought a scroll of identify for 58 gold pieces
 15405 | Lair:1   | Entered Level 1 of the Lair of Beasts
 15412 | D:11     | Learned a level 3 spell: Vampiric Draining
 15451 | Lair:1   | Noticed Harold
 15462 | Lair:1   | Killed Harold
 16557 | Lair:2   | Gained mutation: Your thick and shaggy fur keeps you warm (AC +3, rC+). [Felid growth]
 16557 | Lair:2   | Reached XP level 12. HP: 42/48 MP: 16/22
 16562 | Lair:2   | Reached skill level 13 in Hexes
 16957 | Lair:2   | Reached *** piety under Kikubaaqudgha
 16957 | Lair:2   | Received a gift from Kikubaaqudgha
 16960 | Lair:2   | Identified Kikubaaqudgha's Compendium of Sinister Arts (Kikubaaqudgha gifted it to you on level 2 of the Lair of Beasts)
 17318 | Lair:3   | Found a staircase to the Swamp.
 17340 | Lair:3   | Noticed an eight-headed hydra
 17342 | Lair:3   | Killed an eight-headed hydra
 17543 | D:11     | Learned a level 6 spell: Invisibility
 17926 | Lair:3   | Noticed a five-headed hydra
 17932 | Lair:3   | Killed a five-headed hydra
 17984 | Lair:4   | You fall through a shaft for 3 floors!
 18148 | Lair:7   | Noticed a five-headed hydra
 18163 | Lair:7   | Killed a five-headed hydra
 18420 | Lair:7   | Reached skill level 14 in Hexes
 18653 | Lair:5   | Noticed a six-headed hydra
 18654 | Lair:5   | Killed a six-headed hydra
 19123 | Lair:4   | Noticed a four-headed hydra
 19130 | Lair:4   | Killed a four-headed hydra
 19361 | Lair:4   | Reached **** piety under Kikubaaqudgha
 19361 | Lair:4   | Reached XP level 13. HP: 26/54 MP: 22/25
 20512 | Lair:5   | Reached skill level 5 in Fighting
 20604 | Lair:5   | Found a staircase to the Snake Pit.
 20927 | Lair:5   | Learned a level 2 spell: Blink
 21393 | Lair:5   | Reached skill level 1 in Translocations
 21553 | Lair:6   | Reached ***** piety under Kikubaaqudgha
 22393 | Lair:6   | Learned a level 2 spell: Repel Missiles
 22680 | Lair:6   | Found a viscous altar of Jiyva.
 22680 | Lair:6   | Found a staircase to the Slime Pits.
 22838 | Lair:7   | Reached skill level 1 in Charms
 22849 | Lair:7   | Reached skill level 1 in Air Magic
 24003 | Lair:8   | Entered Level 8 of the Lair of Beasts
 24435 | Lair:8   | Identified a scroll of acquirement
 24487 | Lair:8   | Reached skill level 15 in Hexes
 24550 | Lair:8   | Found an ancient bone altar of Kikubaaqudgha.
 24722 | Lair:8   | Reached XP level 14. HP: 48/60 MP: 25/28
 24859 | Lair:8   | Reached skill level 10 in Unarmed Combat
 24985 | Lair:8   | Reached ****** piety under Kikubaaqudgha
 25343 | Lair:8   | Received a gift from Kikubaaqudgha
 26750 | Orc:1    | Entered Level 1 of the Orcish Mines
 26864 | Orc:1    | Noticed Maud
 26865 | Orc:1    | Noticed an orc warlord
 27086 | D:10     | Killed Maud
 27297 | D:10     | Killed an orc warlord
 27615 | Orc:1    | Found a roughly hewn altar of Beogh.
 27944 | Orc:2    | Entered Level 2 of the Orcish Mines
 27961 | Orc:1    | Noticed Erica
 27972 | Orc:1    | Killed Erica
 28834 | Orc:2    | Noticed Rupert
 28854 | Orc:2    | Killed Rupert
 29147 | Orc:2    | Found a staircase to the Elven Halls.
 29655 | Orc:2    | Noticed Azrael
 29725 | Orc:2    | Noticed Maurice
 29741 | Orc:2    | Killed Maurice
 29749 | Orc:2    | Reached skill level 10 in Spellcasting
 30954 | Orc:2    | Killed Azrael
 30954 | Orc:2    | Reached skill level 16 in Hexes
 30954 | Orc:2    | Reached XP level 15. HP: 64/64 MP: 30/30
 31240 | Orc:2    | Noticed Saint Roka
 31332 | Orc:2    | Killed Saint Roka
 31396 | Orc:2    | Noticed an orc warlord
 31725 | Orc:2    | Reached skill level 15 in Stealth
 31793 | Orc:2    | Found Huekedghaff's Food Emporium.
 31793 | Orc:2    | Found Yku Xuto's Magic Scroll Emporium.
 31797 | Orc:2    | Found Nag Mio's Assorted Antiques.
 31797 | Orc:2    | Found Liewnem's Armour Shoppe.
 31829 | Orc:2    | Bought a scroll labeled KAUXTEA SOM VUKITS for 27 gold pieces
 31850 | Orc:2    | Bought a scroll of fear for 49 gold pieces
 31850 | Orc:2    | Bought a scroll of fog for 28 gold pieces
 31850 | Orc:2    | Bought a scroll of magic mapping for 49 gold pieces
 31850 | Orc:2    | Bought a scroll of magic mapping for 49 gold pieces
 31850 | Orc:2    | Bought a scroll of vulnerability for 105 gold pieces
 31850 | Orc:2    | Bought a scroll of identify for 28 gold pieces
 32008 | Orc:2    | Gained mutation: Your magical capacity is low (-10% MP). [mutagenic glow]
 32168 | Orc:2    | Killed an orc warlord
 32379 | D:11     | Learned a level 5 spell: Cigotuvi's Embrace
 34038 | D:13     | Noticed Kirke
 34108 | D:13     | Found Imoo's Armour Boutique.
 34913 | D:13     | Killed Kirke
 35924 | D:14     | Found Gaduer's Assorted Antiques.
 35940 | D:14     | Bought a silver ring for 205 gold pieces
 36475 | D:14     | Found a gate to the Vaults.
 36657 | D:15     | Entered Level 15 of the Dungeon
 36658 | D:15     | Reached XP level 16. HP: 69/69 MP: 28/28
 37461 | D:15     | Reached skill level 15 in Unarmed Combat
 38055 | D:15     | Found a glowing golden altar of the Shining One.
 38150 | D:15     | Found a staircase to the Depths.
 39175 | Swamp:1  | Entered Level 1 of the Swamp
 41192 | Swamp:3  | Noticed a thorn hunter
 41201 | Swamp:3  | Killed a thorn hunter
 41814 | Swamp:4  | Entered Level 4 of the Swamp
 41846 | Swamp:4  | Found a frozen archway.
 41973 | IceCv    | Entered an ice cave
 41973 | IceCv    | Noticed Wingboner's ghost (journeyman MiFi)
 41986 | IceCv    | Killed Wingboner's ghost
 42461 | IceCv    | Slain by a golden dragon simulacrum
 42462 | IceCv    | Reached XP level 15. HP: 0/67 MP: 27/27
 42947 | IceCv    | Noticed an Ice Fiend
 43000 | IceCv    | Killed an Ice Fiend
 43000 | IceCv    | Reached XP level 16. HP: 51/70 MP: 21/28
 43409 | Swamp:4  | Noticed a thorn hunter
 43461 | Swamp:4  | Noticed Donald
 43475 | Swamp:4  | Noticed a thorn hunter
 43476 | Swamp:4  | Noticed Mara
 43480 | Swamp:4  | Killed a thorn hunter
 43657 | Swamp:4  | Killed Donald
 44076 | Swamp:4  | Noticed a thorn hunter
 44090 | Swamp:4  | Killed a thorn hunter
 44481 | Swamp:4  | Reached skill level 15 in Dodging
 44859 | Swamp:4  | Noticed Nikola
 45022 | Swamp:3  | HP: 2/71 [seven-headed hydra (13)]
 45540 | Swamp:4  | Got a decaying rune of Zot
 46027 | Snake:1  | Entered Level 1 of the Snake Pit
 46566 | Snake:1  | Reached skill level 10 in Necromancy
 46812 | Snake:1  | Reached skill level 17 in Hexes
 50093 | Snake:3  | Slain by a naga warrior
 50094 | Snake:3  | Reached XP level 15. HP: -2/68 MP: 18/28
 50532 | Snake:3  | Reached XP level 16. HP: 53/72 MP: 9/29
 51051 | Snake:3  | Found a sparkling altar of Nemelex Xobeh.
 51704 | Snake:3  | Noticed Aizul
 51877 | Snake:3  | Killed Aizul
 52393 | Snake:3  | Noticed Asterion
 52464 | Snake:4  | Entered Level 4 of the Snake Pit
 52681 | Snake:3  | Killed Asterion
 53150 | Vaults:1 | Entered Level 1 of the Vaults
 53312 | D:11     | Learned a level 5 spell: Dispel Undead
 54382 | Vaults:1 | Found a portal to a secret trove of treasure.
 54464 | Vaults:1 | Reached skill level 10 in Fighting
 54891 | Vaults:1 | Reached skill level 18 in Hexes
 55702 | Vaults:2 | Reached XP level 17. HP: 69/76 MP: 27/30
 56307 | Vaults:2 | Noticed an Ice Fiend
 57460 | Vaults:2 | Found a staircase to the Crypt.
 58670 | Vaults:2 | Noticed a Hell Sentinel
 58883 | Vaults:2 | Noticed a Hell Sentinel
 58996 | Vaults:2 | Learned a level 2 spell: Confusing Touch
 60506 | Vaults:3 | Reached XP level 18. HP: 81/81 MP: 18/31
 60543 | Vaults:3 | Reached skill level 19 in Hexes
 60637 | Vaults:3 | Gained mutation: Your spells are a little easier to cast, but a little less powerful. [mutagenic glow]
 60972 | Vaults:3 | Slain by an ironheart preserver
 60973 | Vaults:3 | Reached XP level 17. HP: -2/78 MP: 28/30
 63935 | Vaults:4 | Reached XP level 18. HP: 70/82 MP: 24/32
 66000 | Snake:4  | Noticed Vashnia
 67027 | Snake:4  | Killed Vashnia
 67705 | Snake:4  | HP: 3/84 [greater naga/spear (6)]
 68362 | Snake:3  | Reached skill level 20 in Hexes
 69912 | Snake:4  | Reached XP level 19. HP: 72/87 MP: 27/33
 70418 | Snake:4  | Reached skill level 5 in Conjurations
 70609 | Snake:4  | Got a serpentine rune of Zot
 70814 | D:11     | Learned a level 2 spell: Swiftness
 70947 | Depths:1 | Entered Level 1 of the Depths
 70947 | Depths:1 | Found a sparkling altar of Nemelex Xobeh.
 70975 | Depths:1 | Found a gateway to Hell.
 71025 | Depths:1 | Reached skill level 5 in Charms
 71117 | Depths:1 | Found a corrupted altar of Lugonu.
 71118 | Depths:1 | Found a one-way gate to the infinite horrors of the Abyss.
 71799 | Depths:1 | Found a one-way gate leading to the halls of Pandemonium.
 72880 | Depths:2 | Found a large runed door.
 72881 | Depths:2 | Found a large runed door.
 73054 | Depths:2 | Found a gateway to a ziggurat.
 74005 | Depths:3 | Noticed an ancient lich
 74314 | Depths:3 | Noticed a Brimstone Fiend
 74577 | Depths:3 | Reached XP level 20. HP: 56/91 MP: 32/34
 75045 | D:11     | Learned a level 5 spell: Metabolic Englaciation
 75298 | Depths:3 | Reached skill level 10 in Charms
 76072 | Depths:4 | Blown up by a lich
 76073 | Depths:4 | Reached XP level 19. HP: -1/87 MP: 27/33
 76196 | Depths:4 | Noticed Margery
 76196 | Depths:4 | Noticed a golden dragon
 76364 | Depths:4 | Reached skill level 15 in Necromancy
 76432 | Depths:4 | Killed Margery
 76806 | Depths:3 | Gained mutation: You evolve. [mutagenic glow]
 77041 | Depths:3 | Noticed a caustic shrike
 77041 | Depths:3 | Noticed a caustic shrike
 77041 | Depths:3 | Noticed a caustic shrike
 77041 | Depths:3 | Noticed a caustic shrike
 77042 | Depths:3 | Noticed a caustic shrike
 77608 | Depths:4 | Gained mutation: Your magical capacity is very low (-20% MP). [evolution]
 77717 | Depths:4 | Killed a lich
 77898 | Depths:5 | Entered Level 5 of the Depths
 78142 | Depths:5 | Noticed Sojobo
 78219 | Depths:5 | HP: 4/87 [spriggan air mage/the air (29)]
 78307 | Depths:5 | Found Jaerat's Magic Scroll Shop.
 78328 | Depths:5 | Noticed Jory
 78342 | Depths:5 | Slain by Jory
 78343 | Depths:5 | Reached XP level 18. HP: 0/84 MP: 22/29
 78676 | Depths:3 | Noticed a tentacled monstrosity
 78817 | Depths:3 | Killed an ancient lich
 79261 | Vaults:5 | Entered Level 5 of the Vaults
 79352 | Vaults:4 | Slain by a halberd of venom

Skill      XL: |  1  2  3  4  5  6  7  8  9 10 11 12 13 14 15 16 17 18 19 20 |
---------------+-------------------------------------------------------------+-----
Dodging        | 3 4 5 6 8 9 10 11 12 13 16 18 | 18.1
Hexes          | 5 6 7 9 11 12 14 15 16 18 20 | 20.1
Ice Magic      | 1 |  1.0
Unarmed Combat | 2 3 4 5 7 8 9 10 14 16 17 18 | 18.0
Spellcasting   | 3 6 7 9 10 11 12 13 | 13.0
Stealth        | 6 7 9 10 11 12 13 14 15 17 18 19 | 19.4
Conjurations   | 1 3 5 |  5.4
Fighting       | 1 3 4 6 7 10 12 | 12.3
Necromancy     | 3 6 7 8 11 12 16 15 | 16.2
Translocations | 4 |  4.3
Charms         | 2 13 12 10 | 13.0
Air Magic      | 2 |  2.1

Action                   |  1- 3 |  4- 6 |  7- 9 | 10-12 | 13-15 | 16-18 | 19-21 || total
-------------------------+-------+-------+-------+-------+-------+-------+-------++-------
Melee: Unarmed           |    59 |   124 |   236 |   371 |  1531 |  2595 |   703 ||  5619
       Bite              |     3 |     8 |    14 |    23 |   168 |   275 |    74 ||   565
       Punch             |       |     1 |     5 |    11 |    78 |   184 |    72 ||   351
 Cast: Corona            |     7 |     4 |     3 |     3 |       |       |       ||    17
       Ensorcelled Hiber |     7 |    62 |    85 |   133 |   137 |   150 |    13 ||   587
       Confuse           |       |     6 |    21 |    43 |    93 |   317 |    39 ||   519
       Dazzling Spray    |       |       |       |     2 |     2 |    94 |    28 ||   126
       Corpse Rot        |       |       |       |     1 |       |       |       ||     1
       Animate Dead      |       |       |       |    27 |    95 |   132 |    37 ||   291
       Invisibility      |       |       |       |       |    37 |    39 |    16 ||    92
       Blink             |       |       |       |       |     3 |    23 |     4 ||    30
       Repel Missiles    |       |       |       |       |     4 |    23 |     4 ||    31
       Pain              |       |       |       |       |     2 |       |       ||     2
       Cigotuvi's Embrac |       |       |       |       |    25 |    38 |     3 ||    66
       Tukima's Dance    |       |       |       |       |    10 |   174 |     8 ||   192
       Confusing Touch   |       |       |       |       |       |    72 |    21 ||    93
       Dispel Undead     |       |       |       |       |       |    36 |     7 ||    43
       Metabolic Englaci |       |       |       |       |       |       |     2 ||     2
Invok: Receive Necronomi |       |       |       |       |     1 |       |       ||     1
       Receive Corpses   |       |       |       |       |     2 |    11 |       ||    13
Evoke: Wand              |       |     1 |       |    10 |    28 |    24 |    14 ||    77
       Phantom mirror    |       |       |       |       |     1 |       |       ||     1
       Lamp of fire      |       |       |       |       |       |     2 |     1 ||     3
  Use: Scroll            |       |     5 |     4 |    12 |    10 |    39 |    13 ||    83
       Potion            |       |     3 |     1 |     2 |     1 |    17 |     4 ||    28
 Stab: Sleeping          |    16 |    50 |    66 |   105 |   161 |   128 |    48 ||   574
       Distracted        |       |     1 |     1 |     4 |    12 |    29 |     7 ||    54
       Confused          |       |     3 |    11 |    24 |    54 |   227 |    35 ||   354
       Invisible         |       |       |       |     1 |   172 |   219 |    91 ||   483
       Held in net/web   |       |       |       |       |       |     1 |       ||     1
  Eat: Chunk             |     9 |    17 |    25 |    22 |    60 |   101 |    30 ||   264
       Pizza             |       |       |       |       |       |     4 |       ||     4
       Beef jerky        |       |       |       |       |       |     2 |       ||     2
Armor: Skin              |     2 |     8 |     5 |     9 |    51 |    48 |    23 ||   146
Dodge: Dodged            |    42 |   102 |   171 |   282 |  1299 |  2424 |   593 ||  4913
       Deflected         |       |       |       |       |    12 |   107 |    18 ||   137
Block: Other             |       |       |       |       |    17 |    33 |       ||    50
